 Dungeon Crawl Stone Soup version 0.27.0-1-g7a089689b8 (webtiles) character file.

Game seed: 17174173488492537116

11 gimp the Ducker (level 2, 0/14 HPs)
             Began as a Spriggan Transmuter on Aug 11, 2021.
             Slain by a gnoll (5 damage)
             ... on level 1 of the Dungeon.
             The game lasted 00:01:08 (787 turns).

gimp the Ducker (Spriggan Transmuter)                Turns: 787, Time: 00:01:09

Health: 0/14       AC:  2    Str:  6    XL:     2   Next: 17%
Magic:  5/6        EV: 17    Int: 14    God:
Gold:   0          SH:  0    Dex: 15    Spells: 5/6 levels left

rFire    . . .     SeeInvis +   d - +0 dagger
rCold    . . .     Faith    .   (shield restricted)
rNeg     . . .     Spirit   .   a - +0 robe
rPois    .         Reflect  .   (helmet currently unavailable)
rElec    .         Harm     .   (no cloak)
rCorr    .         Rampage  .   (gloves unavailable)
Will     .....                  (boots unavailable)
Stlth    ++........             (no amulet)
HPRegen  0.04/turn              (no ring)
MPRegen  0.10/turn              (no ring)

@: appendages (expiring), very quick
A: horns 2, talons 2, very small, no large weapons, unfitting armour, see
invisible, speed 3
a: End Transformation


You were on level 1 of the Dungeon.
You had temporarily grown beastly horns and talons.
You visited 1 branch of the dungeon, and saw 1 of its levels.

Inventory:

Hand Weapons
 d - a +0 dagger (weapon)
Armour
 a - a +0 robe (worn)
Jewellery
 b - an amulet of guardian spirit
Scrolls
 c - a scroll of identify {unknown}
 e - a scroll of teleportation {unknown}
 f - a scroll of acquirement {unknown}


   Skills:
 - Level 0.7 Fighting
 + Level 3.3 Dodging
 + Level 2.1 Stealth
 - Level 2.4 Unarmed Combat
 - Level 2.6 Spellcasting
 - Level 2.6 Transmutations


You had 5 spell levels left.
You knew the following spells:

 Your Spells              Type           Power      Damage    Failure   Level
a - Beastly Appendage     Tmut           18%        N/A       8%          1

Your spell library contained the following spells:

 Spells                   Type           Power      Damage    Failure   Level
 Wereblood                Tmut           9%         N/A       11%         2
 Shock                    Conj/Air       4%         1d3       22%         1
 Spider Form              Tmut/Pois      2%         N/A       36%         3
 Swiftness                Air            1%         N/A       54%         3
 Ice Form                 Ice/Tmut       5%         N/A       77%         4
 Airstrike                Air            0%         N/A       91%         4


Dungeon Overview and Level Annotations

Branches:
Dungeon (1/15)

Altars:


Innate Abilities, Weirdness & Mutations

You have temporarily grown beastly horns and talons.
You are very small and have problems with some larger weapons.
You are too small for most types of armour.
You have supernaturally acute eyesight. (SInv)
You cover ground extremely quickly. (Speed+++)


Message History

A goblin and a gnoll come into view.
You see here a hobgoblin corpse.
The gnoll shouts!
The goblin shouts!
You hit the endoplasm. You claw the endoplasm.
You kill the endoplasm!
The goblin barely misses you.
You hit the gnoll.
The gnoll is lightly wounded.
The gnoll hits you with a +0 flail!
Ouch! That really hurt!
The goblin closely misses you.
You take 7 damage, and have 7/14 hp.
MASSIVE DAMAGE!!
You are too injured to fight recklessly!
You see here a hobgoblin corpse.
MP restored: 6 Your transformation is almost over.
You see here 14 stones.
Your horns disappear.
Your talons disappear.
A goblin is nearby!
You regained 3 hp, and now have 11/14 hp.
A gnoll is nearby!
Casting: Beastly Appendage (safe; 8% risk of failure)
Confirm with . or Enter, or press ? or * to list all spells.
You grow a pair of large bovine horns.
Your feet morph into talons.
The gnoll shouts!
You hear a shout!
You now have 5/6 mp.
You hit the gnoll.
The gnoll is lightly wounded.
The gnoll hits you with a +0 flail.
You take 5 damage, and have 7/14 hp.
MASSIVE DAMAGE!!
You are too injured to fight recklessly!
You closely miss the gnoll.
The gnoll is lightly wounded.
The gnoll hits you with a +0 flail.
You take 2 damage, and have 5/14 hp.
You hit the gnoll but do no damage. Your kick misses the gnoll.
The gnoll is lightly wounded.
Your transformation is almost over.
The gnoll hits you with a +0 flail.
You die...

######## #......# #.####.#
################.####.##########
........g......g..>.#..........#
########.#######g##.##########.#
#.# #@#........ #.# #.#
#.#..#... #.# #.#
#.#..#.########.# #.#
#.#.......).....# #.#
#.#..#.########## #.# #.#†.#.#
#)# #.#..### #.# #.#..## #.#
#.....#


You could see a gnoll and a goblin.

Vanquished Creatures
  A dart slug (D:1)
  An endoplasm (D:1)
  A goblin (D:1)
  2 hobgoblins (D:1)
  2 ball pythons (D:1)
  2 kobolds (D:1)
  A rat (D:1)
10 creatures vanquished.

Notes
Turn   | Place    | Note
-------+----------+-------------------------------------------
     0 | D:1      | gimp the Spriggan Transmuter began the quest for the Orb.
     0 | D:1      | Reached XP level 1. HP: 9/9 MP: 5/5
   149 | D:1      | Reached skill level 1 in Stealth
   186 | D:1      | Reached skill level 3 in Dodging
   340 | D:1      | Reached XP level 2. HP: 3/14 MP: 6/6
   787 | D:1      | Slain by a gnoll

Illustrated notes

Levels and vault maps discovered:
D:1:      kennysheep_arrival_seaside, layout_basic

Skill      XL: |  1  2 |
---------------+-------+-----
Stealth        | 1 2 |  2.1
Dodging        | 3 |  3.3
Fighting       | |  0.7
Unarmed Combat | |  2.4
Spellcasting   | |  2.6
Transmutations | |  2.6

Action                   || total
-------------------------++-------
Melee: Dagger            ||    25
       Unarmed           ||    10
       Kick              ||     6
       Headbutt          ||     3
 Cast: Beastly Appendage ||     6
 Stab: Sleeping          ||     1
Armor: Robe              ||     2
Dodge: Dodged            ||    16
